Map: King's Cove LE

Players

Mez

  • Race: Terran Terran
  • League: Master
  • Spawn Location: 5:00

Syo - Winner!

  • Race: Zerg Zerg
  • League: Master
  • Spawn Location: 11:00

VOD

Have the link to the VOD?

Description

Time

  • Played on: Aug. 14, 2019, 3:12 p.m.
  • Length: 17:51
Show
View Real Time Build Order
Export as new Build Order

Mez Terran 

Build Orders: Liberator Opening, Reaper Expand 

Get SALT Encoding   

  12  0:00  SCV  
  13  0:13  SCV  
  14  0:18  Supply Depot  
  14  0:25  SCV  
  15  0:39  SCV  
  15  0:41  Barracks  
  16  0:45  Refinery  
  16  0:52  SCV  
  17  1:04  SCV  
  18  1:16  SCV  
  19  1:29  Reaper, Orbital Command  
  20  1:45  Command Center  
  20  1:53  Supply Depot  
  20  1:58  SCV  
  20  2:01  Marine  
  22  2:10  SCV  
  23  2:16  Factory  
  23  2:19  Refinery  
  23  2:24  Barracks Reactor  
  23  2:44  SCV  
  24  2:56  SCV  
  25  3:00  Orbital Command  
  25  3:05  Starport  
  25  3:08  SCV  
  25  3:09  Hellion, Barracks Tech Lab  
  25  3:10  Hellion  
  30  3:16  Engineering Bay  
  30  3:24  SCV  
  30  3:32  Hellion x2  
  34  3:38  Liberator  
  34  3:39  SCV  
  34  3:40  SCV  
  36  3:47  Supply Depot  
  36  3:49  Barracks Tech Lab  
  36  3:52  SCV x2  
  37  3:59  Hellion x2  
  44  4:04  SCV x2  
  46  4:10  Supply Depot  
  46  4:16  SCV x2  
  48  4:31  SCV x2  
  48  4:34  Command Center, Supply Depot  
  50  4:45  SCV x2  
  52  4:53  Factory  
  52  4:55  Factory  
  52  4:56  Hellion  
  52  4:57  SCV x2  
  56  5:01  Barracks Tech Lab  
  54  5:15  Hellion, SCV x2  
  54  5:18  Hellion  
  50  5:24  Refinery  
  50  5:25  Refinery  
  50  5:26  Armory  
  50  5:29  Armory  
  50  5:34  SCV x2  
  52  5:36  Hellion  
  52  5:39  Hellion  
  56  5:49  Mag-Field Accelerator  
  56  5:54  Cyclone  
  56  5:55  Cyclone, Orbital Command  
  62  6:03  SCV x2  
  64  6:06  Supply Depot  
  64  6:07  Supply Depot  
  67  6:12  Banshee  
  67  6:15  SCV  
  68  6:19  Hellion x2, SCV  
  68  6:21  Terran Vehicle Weapons Level 1  
  68  6:24  Terran Vehicle And Ship Armor Level 1  
  73  6:25  Orbital Command  
  73  6:27  SCV  
  74  6:33  SCV  
  74  6:35  Cyclone  
  74  6:37  Cyclone  
  74  6:39  SCV  
  82  6:45  SCV  
  83  6:51  SCV x2  
  83  6:54  Supply Depot  
  85  6:55  Banshee, Supply Depot  
  85  6:58  SCV  
  89  7:02  Hellion x2  
  89  7:04  SCV x2  
  89  7:07  Refinery x2  
  89  7:17  Cyclone x2  
  89  7:19  SCV x3  
  88  7:24  Supply Depot  
  88  7:26  Supply Depot  
  88  7:31  SCV x3  
  88  7:35  Infernal Pre-Igniter  
  91  7:38  Banshee  
  91  7:43  SCV x2  
  91  7:44  SCV  
  91  7:52  Supply Depot  
  91  7:54  Supply Depot  
  91  7:55  SCV  
  91  7:56  SCV x2  
  94  8:02  Cyclone x2  
  94  8:03  Hellion x2  
  104  8:08  Factory x2, SCV x3  
  107  8:16  Supply Depot  
  107  8:20  SCV x3, Banshee  
  107  8:23  Supply Depot  
  113  8:27  Command Center  
  113  8:31  Hellion  
  113  8:32  Hellion, SCV x3  
  120  8:34  Terran Vehicle Weapons Level 2  
  120  8:35  Terran Vehicle And Ship Armor Level 2  
  120  8:43  Supply Depot  
  120  8:47  Supply Depot  
  120  8:52  Factory Tech Lab  
  120  8:53  Factory Tech Lab  
  120  9:01  Cyclone x2  
  120  9:02  Hellion x2  
  130  9:15  Engineering Bay  
  122  9:17  Thor x2  
  133  9:24  Hellion x2  
  124  9:44  Missile Turret  
  117  9:47  Missile Turret  
  117  9:50  Hellion, Cyclone x2  
  117  9:52  Widow Mine  
  121  9:58  Missile Turret  
  116  10:00  Cyclone  
  116  10:01  Missile Turret  
  117  10:09  Cyclone  
  115  10:23  Cyclone  
  114  10:35  Orbital Command  
  114  10:39  Command Center  
  114  10:44  Missile Turret  
  114  10:48  Missile Turret x2  
  114  10:51  Thor x2  
  114  10:52  Command Center  
  114  10:53  Thor, Supply Depot  
  114  10:54  Thor  
  114  10:55  Supply Depot  
  114  10:56  Hellion  
  135  11:11  Missile Turret  
  135  11:13  Missile Turret x2  
  135  11:18  SCV x2  
  137  11:21  SCV  
  137  11:25  Hellion x2  
  142  11:29  Supply Depot  
  142  11:30  SCV x2  
  141  11:33  SCV  
  142  11:42  Missile Turret, SCV  
  143  11:47  Missile Turret  
  143  11:49  Siege Tank x2  
  143  11:50  Siege Tank  
  143  11:51  Hellion x2  
  143  11:52  Siege Tank  
  159  12:01  SCV x2  
  159  12:06  Orbital Command  
  157  12:18  Refinery  
  157  12:22  Hellion x2  
  161  12:27  Planetary Fortress  
  161  12:29  SCV x2  
  163  12:37  Cyclone x4  
  163  12:42  Missile Turret  
  175  12:44  Factory  
  175  12:45  Factory  
  175  12:50  Factory, Refinery  
  133  13:00  Hellion x2  
  111  13:09  Cyclone, Thor  
  117  13:13  Thor  
  117  13:15  Orbital Command  
  123  13:35  Factory Tech Lab x2  
  123  13:36  Factory Tech Lab  
  123  13:37  Thor  
  123  13:38  Hellion x2  
  123  13:49  Siege Tank  
  123  13:52  Siege Tank  
  105  13:56  Siege Tank  
  108  14:05  SCV x4  
  108  14:06  SCV  
  108  14:07  Siege Tank  
  108  14:08  Siege Tank x2  
  117  14:17  SCV  
  117  14:18  Hellion x2  
  114  14:25  Refinery  
  114  14:27  Siege Tank x2, Refinery  
  97  14:46  Siege Tank x3  
  97  14:47  Hellion x3  
  96  14:57  Orbital Command  
  92  15:19  Siege Tank x3  
  92  15:20  Hellion x2  
  105  15:29  Orbital Command  
  105  15:31  Siege Tank  
  108  15:51  Command Center  
  108  15:54  SCV x3  
  108  15:56  Command Center  
  112  16:01  Command Center  
  112  16:03  Siege Tank x3  
  97  16:17  Siege Tank  
  100  16:19  Command Center  
  100  16:22  Command Center  
  100  16:23  Liberator  
  99  16:33  Hellion x2  
  103  16:40  Command Center  
  106  16:59  Supply Depot  
  106  17:06  Supply Depot  
Show
View Real Time Build Order
Export as new Build Order

Syo Zerg - Winner!

Build Orders: Hatch First 

Get SALT Encoding   

  12  0:00  Drone  
  13  0:12  Overlord  
  13  0:18  Drone  
  14  0:31  Drone x2  
  16  0:50  Hatchery  
  16  0:53  Drone  
  16  1:00  Drone  
  16  1:01  Drone  
  18  1:14  Extractor  
  18  1:17  Spawning Pool  
  16  1:20  Drone  
  16  1:23  Drone  
  18  1:29  Drone  
  19  1:39  Overlord  
  19  1:49  Drone  
  20  2:04  Queen  
  20  2:05  Queen  
  24  2:11  Zergling x2  
  24  2:12  Zergling x2  
  24  2:13  Drone x2  
  28  2:25  Metabolic Boost  
  28  2:27  Drone x2  
  30  2:30  Extractor  
  30  2:35  Spore Crawler  
  28  2:40  Drone x2  
  28  2:43  Queen  
  33  2:46  Overlord  
  34  2:57  Drone x2  
  36  3:08  Drone  
  36  3:12  Drone  
  38  3:13  Drone  
  38  3:38  Drone x2  
  40  3:42  Hatchery  
  40  3:43  Drone x3  
  42  3:49  Drone  
  43  3:56  Overlord  
  43  3:57  Overlord  
  43  4:01  Extractor  
  42  4:13  Drone  
  42  4:14  Overlord, Queen  
  45  4:17  Drone  
  45  4:18  Drone x8  
  54  4:27  Roach Warren  
  54  4:31  Pneumatized Carapace  
  53  4:36  Zergling x4  
  55  4:45  Spore Crawler  
  55  4:47  Drone x2, Spore Crawler  
  55  4:48  Drone  
  55  4:49  Drone  
  57  4:53  Queen  
  57  4:55  Zergling x4  
  57  4:56  Queen  
  63  5:02  Spore Crawler  
  50  5:09  Zergling x12  
  50  5:18  Drone x2  
  50  5:19  Drone  
  52  5:22  Drone  
  52  5:26  Drone x3  
  53  5:42  Zergling x2  
  53  5:43  Zergling x6  
  53  5:44  Lair  
  53  5:46  Drone x3  
  59  5:52  Drone  
  59  5:53  Drone x2  
  62  5:58  Drone x2  
  62  6:00  Drone x3  
  62  6:01  Drone x2  
  69  6:07  Drone x3  
  72  6:21  Drone  
  72  6:22  Overlord  
  72  6:23  Overlord  
  72  6:24  Extractor  
  72  6:28  Overlord x2  
  72  6:34  Extractor  
  71  6:41  Overlord  
  71  6:42  Roach x2  
  71  6:43  Roach x3  
  71  6:44  Glial Reconstitution  
  71  6:45  Overlord  
  71  6:46  Overlord  
  81  6:48  Roach x2  
  89  6:54  Roach x3  
  89  6:57  Drone x3  
  89  6:58  Drone  
  95  7:05  Roach x2  
  93  7:19  Drone  
  93  7:20  Drone x5  
  98  7:27  Spire  
  98  7:29  Drone x3, Extractor  
  99  7:30  Drone x2  
  100  7:38  Evolution Chamber  
  100  7:39  Evolution Chamber  
  89  7:57  Drone x4  
  92  7:58  Drone x3  
  92  7:59  Extractor  
  92  8:04  Overseer  
  93  8:06  Zerg Ground Armor Level 1  
  93  8:07  Zerg Missile Weapons Level 1  
  93  8:09  Drone x2  
  95  8:25  Drone  
  95  8:26  Drone x2  
  98  8:34  Drone x4  
  102  8:43  Mutalisk x7  
  102  8:45  Hatchery  
  115  8:49  Roach x3  
  115  8:50  Overlord  
  115  8:51  Overlord x3  
  121  8:57  Overlord x2  
  111  9:30  Mutalisk x2  
  111  9:31  Mutalisk x5  
  123  9:57  Mutalisk x3  
  123  9:58  Mutalisk x2  
  133  10:06  Overlord x2  
  113  10:32  Roach  
  113  10:33  Roach x8  
  131  10:39  Zerg Ground Armor Level 2, Zerg Missile Weapons Level 2  
  131  10:43  Roach  
  131  10:45  Hatchery, Roach x2  
  136  10:50  Hydralisk Den  
  136  10:55  Zerg Flyer Weapons Level 1  
  135  10:57  Roach x2  
  135  10:58  Roach  
  139  11:14  Roach  
  139  11:15  Roach x10  
  161  11:19  Overlord  
  161  11:20  Grooved Spines  
  161  11:23  Roach  
  159  11:40  Roach x3  
  159  11:41  Roach x10  
  181  12:21  Roach  
  181  12:22  Roach x4  
  191  12:30  Infestation Pit  
  191  12:31  Muscular Augments  
  191  12:35  Drone x3, Extractor x2  
  191  12:36  Overlord, Drone  
  191  12:37  Overlord  
  100  13:07  Hydralisk  
  100  13:08  Hydralisk x19  
  100  13:09  Hydralisk x2  
  100  13:11  Roach x2  
  134  13:17  Overseer  
  134  13:18  Overseer  
  134  13:20  Roach x3  
  134  13:21  Roach  
  142  13:33  Roach x4  
  142  13:34  Roach x3  
  136  13:55  Roach x11  
  154  13:59  Hive  
  154  14:04  Roach x7  
  150  14:27  Roach  
  150  14:28  Roach x8  
  168  14:35  Overseer x2  
  132  14:54  Roach x4  
  132  14:55  Roach x8  
  156  15:07  Hydralisk  
  156  15:08  Hydralisk x8  
  156  15:09  Hydralisk x4  
  174  15:34  Viper x4  
  186  15:38  Hatchery  
  179  15:44  Hydralisk x5  
  151  16:10  Hatchery  
  136  16:17  Roach x4  
  136  16:18  Roach x2  
  146  16:32  Roach x2  
  152  16:33  Roach x4  
  158  16:40  Drone  
  158  16:41  Drone x3  
  158  16:43  Drone x2  
  158  16:45  Extractor  
  163  16:47  Extractor  
  162  17:01  Hydralisk  
  162  17:02  Hydralisk x7  
Tags
 
Add a new tag
Caveats
  • Supply blocks, unpowered buildings, or Contaminate may cause inaccurate times.
  • Supply counts are checked every 10 seconds.